Zazza, lawful female dwarven Archeologist -------------------- |........|...|.....| |.....-..|.-.|.....| |..|.....|``.|.....| |-.|..-.`|.-.|..<..| |...--..h....|.....| |...|w@d-...-|.....| |...|``|...--|.....| |-..|..-----------+| |..............^^^.| |s..|.>------------- -------- Zazza the Field Worker Experience level: 3 Strength: 14 Dexterity: 10 Constitution: 12 Intelligence: 16 Wisdom: 12 Charisma: 12 Health: 0(23) Energy: 5(5) Def: 12 Gold: 0 Moves: 6810 Dungeon seed: WnAm69RKKqHvE_qn Game ID: Zazza_1621864553 Your Inventory: Amulets p - an uncursed amulet of ESP (being worn) Weapons m - a +2 bullwhip Armor e - an uncursed +0 leather jacket (being worn) n - an uncursed +0 pair of speed boots (being worn) r - an uncursed +0 orcish helm (being worn) Comestibles a - an uncursed cream pie l - an uncursed fortune cookie w - 4 uncursed tripe rations Q - an uncursed eucalyptus leaf S - an uncursed clove of garlic Rings c - an uncursed ring of regeneration (on right hand) i - an uncursed ring of sustain ability (on left hand) Wands Y - a wand of digging (0:3) Tools f - an uncursed sack k - an uncursed skeleton key s - an uncursed stethoscope v - a magic marker (0:30) y - an uncursed towel D - a +0 pick-axe Gems q - an uncursed touchstone Spells and supernatural/magical abilities: Name Level Category Fail Memory W - pray for help -- divine ? -- Your skills at the end: Fighting Skills Weapon Skills pick-axe [Basic] whip [Basic] Spellcasting Skills Final Attributes: You were fervently aligned. You were telepathic. You had infravision. You were invisible. You were stealthy. You regenerated. You were protected. You were very fast. You had fixed abilities. You were unlucky. You are dead. Vanquished creatures: a yellow light 4 shriekers a gnome lord 2 guardian naga hatchlings 5 giant ants 2 floating eyes a homunculus a kobold shaman 9 hill orcs a rabid rat a centipede 4 orc zombies 3 iguanas 3 acid blobs a coyote 2 gas spores 2 hobbits 3 manes a large kobold a hobgoblin 4 giant rats 5 cave spiders 3 brown molds 5 yellow molds a red mold 11 gnomes 3 garter snakes 2 gnome zombies 9 geckos 4 jackals a fox 2 kobolds 3 goblins 6 sewer rats 4 grid bugs 8 bats 3 lichens 4 kobold zombies 5 newts 131 creatures vanquished. Voluntary challenges: You never hit with a wielded weapon. You were a pacifist. You read items or engraved 14 times, starting on turn 203. You never genocided any monsters. You never polymorphed an object. You never changed form. You used no wishes. You never split a pudding. You wrote Elbereth's name 12 times, starting on turn 2564. You never violated your personal moral code. Dungeon overview: The Dungeons of Doom: levels 1 to 8 Level 1 a long staircase Level 2 Level 3 a general store, an altar to Quetzalcoatl, a fountain, a sink stairs to The Gnomish Mines Level 4 a fountain Level 5 (Delphi) many fountains Level 6 an altar to Huhetotl stairs to Sokoban Level 7 Level 8 The Gnomish Mines: levels 4 to 7 Level 4 stairs to The Dungeons of Doom Level 5 Level 6 Level 7 many shops, a temple to Huhetotl, some fountains Sokoban: levels 3 to 5 Level 3 <- You were here Level 4 Level 5 stairs to The Dungeons of Doom History has recorded: On T:1 you entered the Dungeons of Doom to retrieve the Amulet of Yendor! On T:131 you reached level 2 of The Dungeons of Doom. On T:193 you reached level 3 of The Dungeons of Doom. On T:1263 you reached level 1 of The Gnomish Mines. On T:1523 you reached level 2 of The Gnomish Mines. On T:1850 you reached level 3 of The Gnomish Mines. On T:1972 you reached level 4 of The Gnomish Mines. On T:3407 you reached level 4 of The Dungeons of Doom. On T:3785 you reached level 5 of The Dungeons of Doom. On T:3846 you reached level 6 of The Dungeons of Doom. On T:3903 you reached level 4 of Sokoban. On T:4169 you reached level 7 of The Dungeons of Doom. On T:4490 you received advice from The Oracle. On T:4490 you advanced to experience level 2. On T:4490 you advanced to experience level 3. On T:4941 you reached level 8 of The Dungeons of Doom. On T:5479 you reached level 3 of Sokoban. On T:6128 you reached level 2 of Sokoban. Score breakdown: Gold: 0 ( 0 points) Experience: 3 levels ( 7878 points) Exploration: 8 levels ( 16.00%) (11338 points) Discoveries: 20 items ( 6.85%) ( 7851 points) Valuables value: (no points given unless you survive) Artifact value: 0 ( 0 points) Variety of kills: 39 monsters ( 10.24%) ( 9598 points) Turncount: 6810 turns (-1811 points) Survival: died (score multiplied by 80%) Total score: 27883 Latest messages: The cave spider misses the dog. The dog misses the cave spider. The cave spider misses the dog. The dog bites the cave spider. You are empty handed. You hear some noises in the distance. You displace your dog. Status of the dog (neutral): Level 4 HP 25(30) Def 5, tame. You displace your dog. The hobbit bumps right into you! With great effort you move the boulder. The purple worm bites! The purple worm engulfs you! The purple worm digests you! What are you looking for? The exit? (2x) The purple worm digests you! You pierce the purple worm's stomach wall! The purple worm bites! You die... The sack is empty. Final status: Goodbye Zazza the Archeologist, killed by a purple worm... You died in Sokoban on dungeon level 3 with 27883 points, and 0 pieces of gold, after 6810 moves. You were level 3 with a maximum of 23 hit points when you died.